 Dungeon Crawl Stone Soup version 0.19.1-1-g22dce08 (webtiles) character file.

220 Lennu the Insei (level 5, -2/25 HPs)
             Began as a Vine Stalker Transmuter on Jan 5, 2017.
             Slain by an ogre
             ... wielding a +0 giant club
              (15 damage)
             ... on level 4 of the Dungeon.
             The game lasted 00:13:38 (3094 turns).

Lennu the Insei (Vine Stalker Transmuter)           Turns: 3094, Time: 00:13:39

Health: -2/25      AC:  7    Str: 12    XL:     5   Next: 97%
Magic:  0/10       EV: 12    Int: 16    God:
Gold:   194        SH:  0    Dex: 16    Spells: 1 memorised, 9 levels left

rFire  + + .     SeeInvis .       - Unarmed
rCold  + . .     Gourm    .     p - +0 leather armour {rF+}
rNeg   . . .     Faith    .     (no shield)
rPois  .         Spirit   +     (no helmet)
rElec  .         Reflect  .     j - +0 cloak
rCorr  .         Harm     .     f - +2 pair of gloves
MR     .....                    (boots currently unavailable)
Stlth  +.........               (no amulet)
                                e - +3 ring of intelligence
                                g - ring of protection from cold

@: appendage (expiring)
A: claws 1, fangs 2, talons 3, fire resistance 1, regeneration 1, magic shield,
antimagic bite, no device heal 3, rot immunity
a: End Transformation


You were on level 4 of the Dungeon.
You were hungry.
You had grown temporary talons.
You visited 1 branch of the dungeon, and saw 4 of its levels.

You collected 194 gold pieces.

Inventory:

Missiles
 a - 60 arrows
Armour
 f - a +2 pair of gloves (worn)
 i - a +0 ring mail
 j - a +0 cloak (worn)
 p - a +0 leather armour of fire resistance (worn)
Jewellery
 e - a +3 ring of intelligence (right hand)
 g - a ring of protection from cold (left hand)
Scrolls
 b - 5 scrolls of remove curse
 h - a scroll of enchant weapon {unknown}
 l - a scroll of identify
Potions
 n - a potion of ambrosia {unknown}
Books
 c - a book of Changes

   Spells                             Type                      Level
   a - Beastly Appendage              Transmutation                1
   b - Sticks to Snakes               Transmutation                2
   c - Spider Form                    Transmutation/Poison         3
   d - Ice Form                       Ice/Transmutation            4
   e - Blade Hands                    Transmutation                5
Comestibles
 d - 5 bread rations
 k - 2 beef jerkies
 m - 2 chunks of flesh
 s - a slice of pizza


   Skills:
 * Level 1.6 Fighting
 * Level 1.9 Armour
 * Level 2.2 Dodging
 + Level 0.6 Stealth
 * Level 4.1 Unarmed Combat
 * Level 3.1 Spellcasting
 * Level 2.7 Transmutations


You had 9 spell levels left.
You knew the following spells:

 Your Spells              Type           Power        Failure   Level  Hunger
a - Beastly Appendage     Tmut           ##....       10%         1    None


Dungeon Overview and Level Annotations

Branches:
Dungeon (4/15)
 Temple: D:4-7

Altars:
Gozag
Vehumet
Yredelemnul


Innate Abilities, Weirdness & Mutations

You have extremely sharp teeth.
Your natural rate of healing is unusually fast.
When hurt, damage is shared between your health and your magic reserves.
Your bite disrupts and absorbs the magic of your enemies.
Potions and wands cannot restore your health.
You are immune to rotting.
You have sharp fingernails.
You have claws for feet.
Your flesh is heat resistant. (rF+)


Message History

The ogre barely misses you.
You barely miss the ogre. Your kick misses the ogre.
You bite the ogre, but do no damage.
The ogre is moderately wounded.
Casting: Beastly Appendage
Confirm with . or Enter, or press ? or * to list all spells.
You extend your transformation's duration.
The ogre hits you with a giant club!!
Ouch! That really hurt!
You completely miss the ogre.
The ogre is moderately wounded.
The ogre hits you with a giant club!
* * * LOW HITPOINT WARNING * * *
You see here a glowing short sword.
You are feeling hungry.
Your magical contamination has completely faded away.
Your transformation is almost over.
The ogre hits you with a giant club!!
Ouch! That really hurt!
You die...

#.# #..... #.#
#.##.# #.# ##.##.#
#.###.######.....#
#.....).......####
######.######.##
#.......#####.#
#.####..#....?....#
#.....@...###.###.#
###.####O..####..
##...###......^...
##.....###.#.####..#
#...........## #..#
#...รท...#..## #..#
#.......#..#
##.....##..#
##...###...


You could see an ogre.

Vanquished Creatures
  A hound (D:3)
  A gnoll (D:1)
  9 adders
  A shadow imp (D:4)
  3 worms
  A dart slug (D:1)
  4 leopard geckos
  2 giant cockroaches (D:1)
  8 goblins
  14 hobgoblins
  5 jackals (D:3)
  7 kobolds
  3 quokkas
  8 bats
  3 frilled lizards
  10 rats
80 creatures vanquished.

Notes
Turn   | Place    | Note
-------+----------+-------------------------------------------
     0 | D:1      | Lennu the Vine Stalker Transmuter began the quest for the Orb.
     0 | D:1      | Reached XP level 1. HP: 9/9 MP: 4/4
    65 | D:1      | Reached XP level 2. HP: 4/14 MP: 6/6
   472 | D:1      | Reached skill level 1 in Fighting
   922 | D:1      | Reached XP level 3. HP: 17/18 MP: 7/7
  1644 | D:2      | Gained mutation: Your natural rate of healing is unusually fast. [Vine Stalker growth]
  1644 | D:2      | Reached XP level 4. HP: 19/22 MP: 9/9
  1645 | D:2      | Found a basalt altar of Yredelemnul.
  1677 | D:2      | Reached skill level 1 in Armour
  2224 | D:2      | Reached skill level 4 in Unarmed Combat
  2226 | D:2      | Reached XP level 5. HP: 25/25 MP: 10/10
  2445 | D:3      | Found an opulent altar of Gozag.
  2470 | D:3      | Found a radiant altar of Vehumet.
  2964 | D:3      | Gained mutation: You have sharp fingernails. [potion of beneficial mutation]
  2965 | D:3      | Gained mutation: Your flesh is heat resistant. (rF+) [potion of beneficial mutation]
  3064 | D:4      | Noticed an ogre
  3070 | D:4      | HP: 1/25 [ogre/giant club (9)]
  3094 | D:4      | Slain by an ogre

Skill      XL: |  1  2  3  4  5 |
---------------+----------------+-----
Fighting       | 1 |  1.6
Armour         | 1 |  1.9
Dodging        | 2 |  2.2
Unarmed Combat | 4 |  4.1
Spellcasting   | 3 |  3.1
Stealth        | |  0.6
Transmutations | |  2.7

Action                   |  1- 3 |  4- 6 || total
-------------------------+-------+-------++-------
Melee: Unarmed           |   106 |   147 ||   253
       Bite              |    29 |    39 ||    68
       Headbutt          |     2 |    19 ||    21
       Punch             |     1 |     1 ||     2
       Kick              |     8 |    11 ||    19
 Cast: Beastly Appendage |     9 |    19 ||    28
  Use: Scroll            |     1 |     6 ||     7
       Potion            |       |     7 ||     7
 Stab: Sleeping          |       |     2 ||     2
  Eat: Chunk             |     1 |     1 ||     2
       Meat ration       |     1 |       ||     1
Armor: Ring mail         |    40 |     7 ||    47
       Robe              |     3 |       ||     3
       Leather armour    |       |    15 ||    15
Dodge: Dodged            |    51 |    62 ||   113
